Build Orders - Match 35398150 - cohdb - Company of Heroes 3 Replays
cohdb
Replays
Latest Replays
All Replays
Popular Replays
Top Player Replays
Match Explorer
How It Works
Community
CoH3 Stats
Reddit
Sign in to upload your games and track your stats! →
Sign in with Steam
Match 35398150
Unlisted
Match 35398150
Overview
Messages
Build Orders
End
Construct Infanterie Kompanie
MG 42 Machine Gun Team
Grenadier Squad
GrW 34 Mortar Team
Grenadier Squad
Construct Panzergrenadier Kompanie
MG 42 Machine Gun Team
Panzergrenadier Squad
Selects Breakthrough Battlegroup
Selects Assault Grenadiers
Pak 40 Anti-tank Gun Team
Panzergrenadier Squad
Pioneer Squad
Support Elements
Nebelwerfer 42 Rocket Launcher Team
Panzergrenadier Officer Quarters
Nebelwerfer 42 Rocket Launcher Team
Prime
Baembaer
[QSA] Aerocrastic
raven182
[82AD] ulT1Mate
Carecup
Alekel
Buggy.
0
0
Comments
sign in to comment!
No comments posted yet!